 Dungeon Crawl Stone Soup version 0.27.1 (webtiles) character file.

Game seed: 10201603005729065188

66 nxtlvl the Ruffian (level 3, 0/36 HPs)
             Began as a Troll Abyssal Knight on Sept 5, 2021.
             Was a Follower of Lugonu.
             Slain by Pikel (6 damage)
             ... on level 4 of the Dungeon.
             The game lasted 00:01:49 (207 turns).

nxtlvl the Ruffian (Troll Abyssal Knight)            Turns: 207, Time: 00:01:50

Health: 0/36       AC:  4    Str: 20    XL:     3   Next: 96%
Magic:  3/3        EV:  9    Int:  9    God:    Lugonu [*.....]
Gold:   12         SH:  0    Dex:  9    Spells: 2/2 levels left

rFire    . . .     SeeInvis .     - Unarmed
rCold    . . .     Faith    .   (no shield)
rNeg     . . .     Spirit   .   a - +0 robe
rPois    .         Reflect  .   (helmet restricted)
rElec    .         Harm     .   (no cloak)
rCorr    .         Rampage  .   (gloves unavailable)
Will     .....                  (boots unavailable)
Stlth    +.........             d - amulet of the acrobat
HPRegen  1.12/turn              (no ring)
MPRegen  0.08/turn              (no ring)

@: no status effects
A: large, unfitting armour, claws 3, regeneration 1, shaggy fur 1, tough skin 1
a: Renounce Religion, Depart the Abyss


You were on level 4 of the Dungeon.
You worshipped Lugonu.
Lugonu was aware of your devotion.
You visited 1 branch of the dungeon, and saw 4 of its levels.
You visited the Abyss 1 time.

You collected 12 gold pieces.

Inventory:

Missiles
 b - 6 large rocks
Armour
 a - a +0 robe (worn)
Jewellery
 d - an amulet of the acrobat (around neck)
Scrolls
 e - a scroll of fog {unknown}
 f - a scroll of teleportation {unknown}
Potions
 c - a potion of curing {unknown}


   Skills:
 - Level 2.4 Fighting
 - Level 1.9 Dodging
 * Level 4.3 Unarmed Combat
 - Level 1.5 Invocations


You had 2 spell levels left.
You didn't know any spells.
Your spell library contained the following spells:

 Spells                   Type           Power      Damage    Failure   Level
 Slow                     Hex            0%         N/A       52%         2
 Confusing Touch          Hex            0%         N/A       77%         3
 Vampiric Draining        Necr           0%         2d6       77%         3


Dungeon Overview and Level Annotations

Branches:
Dungeon (4/15)
 Temple: D:4-7

Altars:

Annotations:
D:4 Pikel


Innate Abilities, Weirdness & Mutations

You are too large for most types of armour.
You have claws for hands.
Your natural rate of healing is unusually fast.
You are covered in fur. (AC +1)
You have tough skin. (AC +1)


Message History

No target in view!
You see here a quokka corpse.
Pikel the Slaver comes into view.
He is wielding a +0 whip of freezing.
Found a stone staircase leading up. 3 lemures come into view.
Found a robe.
The lemure shouts! x3
A lemure comes into view.
You see here a scroll labelled DIGAOMASYI.
f - a scroll labelled DIGAOMASYI The lemure shouts!
Pikel says, "You'll freeze in Cocytus!"
Found a scale mail.
A hound comes into view.
The hound barks!
You scratch Pikel but do no damage.
Pikel says, "All the lords of Hell know my name!"
Pikel barely misses you.
You closely miss Pikel. The hound bites you but does no damage.
Pikel misses you.
You scratch Pikel but do no damage. The hound bites you. x2
You scratch Pikel but do no damage.
Pikel hits you with a +0 whip of freezing!
Pikel freezes you. The hound barely misses you.
You scratch Pikel but do no damage. The hound bites you.
Pikel hits you with a +0 whip of freezing.
Pikel freezes you.
* * * LOW HITPOINT WARNING * * *
The hound completely misses you. The hound closely misses you.
You closely miss Pikel. The hound bites you but does no damage.
Pikel hits you with a +0 whip of freezing.
* * * LOW HITPOINT WARNING * * *
Pikel freezes you.
* * * LOW HITPOINT WARNING * * *
You scratch Pikel but do no damage. You claw Pikel.
Pikel is lightly wounded.
The hound bites you.
* * * LOW HITPOINT WARNING * * *
Pikel hits you with a +0 whip of freezing.
You die...

##.. ......## ....
#......######....
###.......##.#....
#####.........##......
..........##.........
#.....#...#5........
##...###...5.5......
.[##..@##...5##...5....
.......hK#..K##.........
........#55#.#..........
.......##5.#[†...#.##...
....... #...<....### #..
................## .#
##.........(.....# #
.....##.......#.... .#.#
#.......#...#


You could see Pikel, 3 lemures and a hound.

Vanquished Creatures
  A howler monkey (D:3)
  An adder (D:2)
  4 orcs (D:3)
  An endoplasm (D:1)
  A giant cockroach (D:3)
  2 goblins (D:3)
  2 quokkas
  3 rats (D:2)
15 creatures vanquished.

Notes
Turn   | Place    | Note
-------+----------+-------------------------------------------
     0 | Abyss:1  | nxtlvl the Troll Abyssal Knight began the quest for the
                  | Orb.
     0 | Abyss:1  | Reached XP level 1. HP: 22/22 MP: 1/1
     0 | Abyss:1  | Found a corrupted altar of Lugonu.
     8 | D:1      | Escaped the Abyss
    47 | D:2      | Reached XP level 2. HP: 29/29 MP: 2/2
    70 | D:3      | Reached skill level 3 in Unarmed Combat
   125 | D:3      | Noticed a howler monkey
   147 | D:3      | Killed a howler monkey
   148 | D:3      | Reached skill level 4 in Unarmed Combat
   148 | D:3      | Reached XP level 3. HP: 36/36 MP: 3/3
   185 | D:4      | Noticed Pikel
   186 | D:4      | Noticed a lemure
   186 | D:4      | Noticed a lemure
   186 | D:4      | Noticed a lemure
   186 | D:4      | Noticed a lemure
   207 | D:4      | Slain by Pikel

Illustrated notes

Levels and vault maps discovered:
D:1:      lemuel_arrival_lava_pool, layout_basic, shapermc_ecumenical_altar_gd,
          minmay_misc_feat_columns, roderic_roman_lattice, amethyst_killhole
D:2:      minmay_roachtagon, layout_basic, uniq_terence, uniq_sigmund
D:3:      layout_basic, uniq_crazy_yiuf_cottage
D:4:      layout_cave_pools, chei_slow_surprise, grunt_qazlal_sundering,
          minmay_close_crescents, uniq_pikel, uniq_menkaure

Skill      XL: |  1  2 |
---------------+-------+-----
Unarmed Combat | 4 |  4.3
Fighting       | |  2.4
Dodging        | |  1.9
Invocations    | |  1.5

Action                   || total
-------------------------++-------
Melee: Unarmed           ||    50
       Punch             ||     2
Armor: Robe              ||    12
Dodge: Dodged            ||    26
